 Dungeon Crawl Stone Soup version 0.21.1-1-g345015f (webtiles) character file.

32 inc the Chiller (level 3, 0/21 HPs)
             Began as an Octopode Ice Elementalist on June 11, 2018.
             Slain by a sky beast (1 damage)
             ... on level 2 of the Dungeon.
             The game lasted 00:01:06 (1232 turns).

inc the Chiller (Octopode Ice Elementalist)         Turns: 1232, Time: 00:01:07

Health: 0/21       AC:  1    Str:  7    XL:     3   Next: 27%
Magic:  1/6        EV: 13    Int: 18    God:
Gold:   34         SH:  0    Dex: 12    Spells: 5/6 levels left

rFire    . . .     SeeInvis .   i - +2 hand axe (chop)
rCold    . . .     Gourm    .   (no shield)
rNeg     . . .     Faith    .   (helmet restricted)
rPois    .         Spirit   .   (no amulet)
rElec    .         Reflect  .   (no ring)
rCorr    .         Harm     .   (no ring)
MR       .....                  (no ring)
Stlth    +++.......             (no ring)
HPRegen  0.07/turn              (no ring)
MPRegen  0.10/turn              (no ring)
                                (no ring)
                                (no ring)

@: no status effects
A: almost no armour, stealthy swim, amphibious, 8 rings, constrict 8, camouflage
1, gelatinous body 1
a: no special abilities


You were on level 2 of the Dungeon.
You were very hungry.

You visited 1 branch of the dungeon, and saw 2 of its levels.

You collected 34 gold pieces.

Inventory:

Hand Weapons
 i - a +2 hand axe of chopping (weapon)
Scrolls
 c - a scroll of remove curse {unknown}
 f - 2 scrolls of identify {unknown}
 j - a scroll of teleportation {unknown}
Potions
 d - a potion of mutation {unknown}
 e - a potion of magic {unknown}
 g - a potion of brilliance {unknown}
 h - a potion of curing {unknown}
 k - a potion of lignification {unknown}
Books
 a - a book of Frost

   Spells                             Type                      Level
   a - Freeze                         Ice                          1
   b - Throw Frost                    Conjuration/Ice              2
   c - Ozocubu's Armour               Charms/Ice                   3
   d - Throw Icicle                   Conjuration/Ice              4
   e - Summon Ice Beast               Ice/Summoning                4
Comestibles
 b - 5 rations


   Skills:
 - Level 2.0 Dodging
 - Level 2.6 Stealth
 - Level 2.0 Spellcasting
   Level 1.0 Conjurations
 + Level 4.3 Ice Magic


You had 5 spell levels left.
You knew the following spells:

 Your Spells              Type           Power        Failure   Level  Hunger
a - Freeze                Ice            ###.         3%          1    #......


Dungeon Overview and Level Annotations

Branches:
Dungeon (2/15)

Altars:
Nemelex Xobeh
Uskayaw


Innate Abilities, Weirdness & Mutations

You cannot wear most types of armour.
You are very stealthy in the water. (Stealth+)
You are amphibious.
You can wear up to eight rings at the same time.
You can use your tentacles to constrict eight enemies at once.
Your skin changes colour to match your surroundings (Stealth+).
Your rubbery body absorbs attacks. (AC +1, EV +1)


Message History

Casting: Freeze
Confirm with . or Enter, or press ? or * to list all spells.
You can't see any susceptible monsters within range! (Use Z to cast anyway.) Unknown command.
Casting: Freeze
Confirm with . or Enter, or press ? or * to list all spells.
Aiming: Freeze
Press: ? - help, Shift-Dir - straight line You freeze something.
You are feeling very hungry.
Something hits you.
* * * LOW HITPOINT WARNING * * *
Something shocks you.
* * * LOW HITPOINT WARNING * * *
Casting: Freeze
Confirm with . or Enter, or press ? or * to list all spells.
Aiming: Freeze
Press: ? - help, Shift-Dir - straight line You freeze something.
Something hits you.
You die...

.# .### ..... .....
Y..... # ###[..### >.
#@{.....# ...
#.#...#.# ... #.# ..#
## . .. #.# ....#
....#.####.#####..##
....._.............#
....#.#.##.........# .
#.......#..###..###
#.###.#............###


There were no monsters in sight!

Vanquished Creatures
  An adder (D:2)
  A dart slug (D:2)
  2 bats
  A giant cockroach (D:1)
  2 goblins (D:1)
  A hobgoblin (D:2)
  3 jackals (D:1)
  4 kobolds
  A quokka (D:2)
  2 frilled lizards (D:1)
  2 rats (D:1)
20 creatures vanquished.

Notes
Turn   | Place    | Note
-------+----------+-------------------------------------------
     0 | D:1      | inc the Octopode Ice Elementalist began the quest for the Orb.
     0 | D:1      | Reached XP level 1. HP: 11/11 MP: 3/3
   372 | D:1      | Reached XP level 2. HP: 15/17 MP: 3/5
  1033 | D:2      | Found a sparkling altar of Nemelex Xobeh.
  1116 | D:2      | Reached skill level 4 in Ice Magic
  1212 | D:2      | Found a hide-covered altar of Uskayaw.
  1215 | D:2      | Reached XP level 3. HP: 21/21 MP: 4/6
  1225 | D:2      | Noticed a sky beast
  1231 | D:2      | HP: 1/21 [something (5)]
  1232 | D:2      | Slain by a sky beast

Skill      XL: |  1  2 |
---------------+-------+-----
Ice Magic      | 4 |  4.3
Dodging        | |  2.0
Stealth        | |  2.6
Spellcasting   | |  2.0
Conjurations   | |  1.0

Action                   || total
-------------------------++-------
Melee: Unarmed           ||     9
       Constrict         ||    10
       Hand axe          ||    31
       Tentacles         ||     2
 Cast: Freeze            ||     7
 Stab: Sleeping          ||     3
Armor: Skin              ||     6
Dodge: Dodged            ||    31
